AoeStats
← ccpui1203

Black Forest

514288288Analyzed
4v4 RM · 1d ago on Oct 17, 2026· 43m 13s· 8 players
Game mode
Random Map
Map size
Large (8 player)
Population
200
Speed
Normal
Resources
Standard
Victory
Conquest
Starting age
Dark Age
Ending age
Imperial Age
RankedLock teamsTeams togetherTeam positionsShared explorationLock speedFull tech treeHidden civsTurbo modeCheats
Victory
Defeat
🇨🇳 Italians · China
1020
+12
🇲🇾 Koreans · Malaysia
1002
+13
🇨🇳 Khmer · China
993
+14
🇭🇰 Shu · Hong Kong SAR China
977
+14
vs
🇺🇸 Wei · United States
1043
-17
🇨🇿 Bohemians · Czechia
950
-14
🇩🇪 Danes · Germany
886
-11
🇨🇳 Georgians · China
877
-11
ccpui1203
1:16 Loom
12:02 Feudal Age
13:33 Double-Bit Axe
13:31 Horse Collar
16:20 Castle Age
17:57 Bow Saw
17:49 Heavy Plow
18:49 Wheelbarrow
25:26 Treadmill Crane
29:29 Imperial Age
26:57 Stone Mining
27:52 Fletching
28:02 Padded Archer Armor
28:25 Ballistics
27:55 Heated Shot
29:13 Hand Cart
28:56 Bodkin Arrow
29:08 Murder Holes
29:08 Gold Mining
30:06 Leather Archer Armor
32:37 Thumb Ring
31:52 Crossbowman
33:49 Two-Man Saw
33:08 Bracer
33:38 Ring Archer Armor
33:19 Forging
33:09 Scale Mail Armor
34:32 Chemistry
33:18 Arrowslits
33:16 Arbalester
33:46 Arson
34:01 Squires
33:22 Pikeman
35:41 Halberdier
38:10 Gold Shaft Mining
40:00 Conscription
39:41 Bolt Magazine
39:42 Coiled Serpent Array
40:18 Hoardings
39:04 Elite White Feather Guard
xiaoluyeah
0:27 Loom
11:56 Feudal Age
14:53 Horse Collar
15:00 Double-Bit Axe
17:41 Castle Age
18:31 Stone Mining
20:37 Bow Saw
21:01 Heavy Plow
24:44 Wheelbarrow
24:30 Stone Mining
24:30 Gold Mining
24:30 Stone Mining
24:44 Town Watch
25:08 Treadmill Crane
25:40 Fortified Wall
26:02 Gold Mining
30:26 Imperial Age
28:24 Ballistics
28:28 Padded Archer Armor
29:29 Stone Shaft Mining
29:04 Caravan
29:20 Squires
29:06 Arson
30:00 Silk Road
30:34 Masonry
31:18 Leather Archer Armor
32:08 Chemistry
31:47 Conscription
32:38 Two-Man Saw
32:09 Scale Mail Armor
32:49 Hand Cart
33:47 Crop Rotation
34:41 Chain Mail Armor
34:36 Forging
35:12 Chain Mail Armor
36:48 Plate Mail Armor
36:53 Iron Casting
38:17 Plate Mail Armor
38:47 Blast Furnace
38:20 Plate Mail Armor
39:07 Ring Archer Armor
40:06 Fletching
40:26 Thumb Ring
40:59 Architecture
40:24 Murder Holes
43:10 Bodkin Arrow
小迟爱吃
12:21 Feudal Age
13:09 Double-Bit Axe
16:19 Castle Age
18:59 Bow Saw
21:37 Wheelbarrow
22:46 Gold Mining
22:38 Horse Collar
25:43 Gold Shaft Mining
25:00 Stone Mining
26:15 Hand Cart
27:42 Stone Shaft Mining
27:48 Heavy Plow
28:32 Town Watch
28:47 Loom
29:20 Town Patrol
30:58 Ballistics
33:27 Imperial Age
31:46 Murder Holes
31:53 Husbandry
31:56 Tusk Swords
32:33 Scale Barding Armor
33:02 Bloodlines
32:15 Light Cavalry
33:38 Chain Barding Armor
33:34 Elite Ballista Elephant
34:36 Conscription
33:38 Hussar
34:57 Plate Barding Armor
35:33 Chemistry
35:06 Crop Rotation
35:21 Devotion
35:41 Double Crossbow
36:30 Coinage
36:32 Forging
36:26 Padded Archer Armor
36:48 Masonry
36:06 Elite Battle Elephant
37:41 Banking
38:59 Iron Casting
38:17 Fletching
38:44 Leather Archer Armor
41:12 Blast Furnace
p44n
12:04 Feudal Age
16:51 Castle Age
15:05 Double-Bit Axe
17:32 Horse Collar
19:59 Wheelbarrow
20:05 Gold Mining
20:59 Bow Saw
23:26 Hand Cart
24:41 Fletching
25:54 Stone Mining
26:13 Heavy Plow
27:40 Gold Shaft Mining
30:15 Imperial Age
28:58 Loom
28:59 Town Watch
30:58 Stone Shaft Mining
30:50 Ballistics
30:39 Scale Mail Armor
30:49 Forging
30:49 Squires
30:12 Pikeman
32:35 Chemistry
33:57 Chain Mail Armor
36:39 Town Patrol
36:47 Thumb Ring
37:15 Plate Mail Armor
37:20 Iron Casting
36:57 Halberdier
39:39 Conscription
40:49 Squires
40:24 Halberdier
PROtektorKaiser
0:42 Loom
12:44 Feudal Age
13:18 Double-Bit Axe
14:11 Wheelbarrow
14:52 Gold Mining
18:38 Castle Age
18:10 Stone Mining
18:49 Horse Collar
19:48 Bow Saw
21:57 Heavy Plow
23:54 Gold Shaft Mining
26:57 Stone Shaft Mining
27:51 Hand Cart
32:57 Imperial Age
31:11 Ballistics
32:09 Caravan
32:40 Coinage
32:32 Squires
32:57 Forging
32:48 Scale Mail Armor
32:39 Fletching
33:26 Onager
34:25 Siege Engineers
34:47 Bodkin Arrow
35:38 Northmen's Fury
36:48 Elite Varangian Guard
38:18 Bracer
39:41 Elite Skirmisher
40:28 Thumb Ring
Christ is Lord † |Acts 16:31
10:54 Feudal Age
16:12 Castle Age
15:22 Double-Bit Axe
15:18 Horse Collar
15:55 Stone Mining
15:57 Gold Mining
18:40 Bow Saw
19:37 Heavy Plow
20:19 Loom
21:11 Wheelbarrow
21:58 Gold Shaft Mining
21:59 Stone Shaft Mining
23:09 Loom
26:25 Hand Cart
27:45 Town Watch
32:07 Imperial Age
30:22 Scale Barding Armor
30:31 Bloodlines
30:22 Husbandry
31:09 Forging
32:12 Chain Barding Armor
32:30 Iron Casting
33:56 Chemistry
33:35 Conscription
33:45 Ming Guang Armor
34:52 Blast Furnace
33:32 Elite Tiger Cavalry
34:36 Town Patrol
34:44 Tuntian
34:56 Fletching
DESTINNI
10:37 Feudal Age
9:53 Loom
11:06 Double-Bit Axe
14:44 Castle Age
12:32 Horse Collar
16:08 Bow Saw
15:59 Heavy Plow
20:59 Fervor
26:29 Wheelbarrow
29:15 Imperial Age
26:31 Town Watch
28:20 Hand Cart
29:09 Chemistry
29:01 Scale Mail Armor
29:11 Forging
29:40 Town Patrol
31:17 Chain Mail Armor
31:38 Iron Casting
31:17 Caravan
32:02 Houfnice
32:37 Houfnice
33:29 Siege Engineers
34:39 Two-Man Saw
33:55 Guilds
34:03 Guilds
35:14 Plate Mail Armor
35:44 Blast Furnace
35:27 Conscription
34:48 Elite Hussite Wagon
35:35 Wagenburg Tactics
35:59 Hussite Reforms
无奈独上青楼
0:33 Loom
12:08 Feudal Age
17:34 Castle Age
16:29 Double-Bit Axe
19:34 Bow Saw
24:09 Gold Mining
24:09 Stone Mining
29:10 Horse Collar
30:42 Wheelbarrow
31:21 Heavy Plow
36:01 Imperial Age
33:47 Hand Cart
33:45 Forging
33:41 Scale Barding Armor
33:40 Husbandry
33:51 Bloodlines
33:59 Bloodlines
33:53 Treadmill Crane
35:29 Stone Mining
35:36 Town Watch
36:28 Iron Casting
36:14 Chain Barding Armor
36:56 Fortified Wall
37:21 Conscription
37:08 Aznauri Cavalry
38:50 Blast Furnace
40:25 Plate Barding Armor
40:32 Crop Rotation
42:58 Stone Shaft Mining
42:49 Elite Monaspa
Connection lost

Rejoining the realm…

Still unreachable

The connection could not be restored.

Session expired

The server has moved on; the page needs a fresh start.